 Dungeon Crawl Stone Soup version 0.30.0-29-ga12c61a403 (webtiles) character file.

Game seed: 12516429927842848688

3585 Fodor the Protected (level 9, 0/108 (118) HPs)
             Began as a Minotaur Fighter on June 25, 2023.
             Succumbed to a hornet's poison
             ... on level 7 of the Dungeon.
             The game lasted 00:39:06 (7396 turns).

Fodor the Protected (Minotaur Fighter)              Turns: 7396, Time: 00:39:07

HP:   0/108 (118)   AC: 24    Str: 24    XL:     9   Next: 85%
MP:   8/8           EV:  2    Int:  5    God:
Gold: 449           SH:  0    Dex: 11    Spells: 8/8 levels left

rFire   . . .        k - +3 dire flail
rCold   . . .        (shield currently unavailable)
rNeg    . . .        F - melded +1 chain mail
rPois   +            (helmet currently unavailable)
rElec   .            (cloak currently unavailable)
rCorr   .            i - melded +2 pair of gloves
SInv    .            (boots currently unavailable)
Will    .....        e - amulet of the acrobat
Stlth   ++           (no ring)
HPRegen 0.38/turn    (no ring)
MPRegen 0.11/turn

%: acrobat
@: lethally poisoned (0 -> -10), tree-form, hasted and slowed, drained
A: stationary, stasis, torment immunity, boosted hp, (horns 2), (retaliatory
headbutt)
a: no special abilities


You were on level 7 of the Dungeon.
You were a tree.
You visited 2 branches of the dungeon, and saw 8 of its levels.

You collected 449 gold pieces.

Inventory:

Hand Weapons
 k - a +3 dire flail (weapon)
 p - a +2 flail
 s - a +4 halberd of freezing
 D - a +0 longbow
Missiles
 h - 21 poisoned darts
 l - 2 atropa-tipped darts (quivered)
 z - 5 throwing nets
Armour
 c - a +1 buckler
 i - a +2 pair of gloves (melded)
 F - a +1 chain mail (melded)
Jewellery
 b - an amulet of regeneration
 e - an amulet of the acrobat (around neck)
 o - a ring of flight
 u - a ring of see invisible
Wands
 r - a wand of roots (12)
 y - a wand of quicksilver (7)
Scrolls
 f - 4 scrolls of teleportation
 j - 2 scrolls of noise
 q - a scroll of torment
 t - 2 scrolls of poison
 w - a scroll of brand weapon
 A - a scroll of blinking
 B - a scroll of fog
 C - a scroll of vulnerability
Potions
 d - 2 potions of might
 m - 2 potions of flight
 n - 3 potions of degeneration
 v - 3 potions of haste
 x - 2 potions of brilliance


   Skills:
 + Level 7.5 Fighting
 + Level 2.9(4.0) Short Blades
 + Level 4.6(5.1) Long Blades
 + Level 8.5 Maces & Flails
 + Level 1.7 Polearms
 + Level 0.3 Throwing
 + Level 8.9 Armour
 + Level 4.4 Dodging
 + Level 1.4 Stealth
 + Level 7.1 Shields


You had 8 spell levels left.
You didn't know any spells.
Your spell library contained the following spells:

 Spells                   Type           Power      Damage    Failure   Level
 Foxfire                  Conj/Fire      0%         2x1d4     47%         1
 Magic Dart               Conj           0%         1d3       47%         1
 Blink                    Tloc           0%         N/A       63%         2
 Call Imp                 Summ           0%         N/A       63%         2
 Ensorcelled Hibernation  Hex/Ice        0%         N/A       63%         2
 Lesser Beckoning         Tloc           0%         N/A       63%         2
 Momentum Strike          Conj/Tloc      0%         3d8       63%         2
 Passwall                 Tmut/Erth      0%         N/A       63%         2
 Hailstorm                Conj/Ice       0%         3d3       85%         3
 Mephitic Cloud           Conj/Pois/Air  0%         N/A       85%         3
 Swiftness                Air            0%         N/A       85%         3
 Ice Form                 Ice/Tmut       0%         N/A       99%         4
 Manifold Assault         Tloc           0%         N/A       99%         4
 Fireball                 Conj/Fire      0%         3d3       100%        5
 Plasma Beam              Fire/Air       0%         2x1d11    100%        6
 Simulacrum               Ice/Necr       0%         N/A       100%        6
 Starburst                Conj/Fire      0%         6d3       100%        6
 Storm Form               Tmut/Air       0%         N/A       100%        7


Dungeon Overview and Level Annotations

Branches:
Dungeon (7/15)             Temple (1/1) D:6

Altars:
Ashenzari
Cheibriados
Dithmenos
Elyvilon
Fedhas
Hepliaklqana
Kikubaaqudgha
Makhleb
Nemelex Xobeh
Okawaru
Qazlal
Ru
Sif Muna
Trog
Uskayaw
Wu Jian
Yredelemnul


Innate Abilities, Weirdness & Mutations

You are a tree.
Your roots penetrate the ground, keeping you stationary.
You cannot be teleported.
You are immune to unholy pain and torment.
Your maximum health is greatly increased.
Your equipment is partially melded.
((You have a pair of horns on your head.))
((You reflexively headbutt those who attack you in melee.))


Message History

The hornet stings you.
You are poisoned.
You suddenly lose the ability to move!
The hornet stings you but does no damage.
You can move again.
You hit the hornet but do no damage. You headbutt the hornet.
The hornet is heavily wounded.
You feel very sick. The hornet closely misses you. The hornet stings you.
You are more poisoned.
You feel as though you will be slow longer.
You miss the hornet.
The hornet is heavily wounded.
* * * LOW HITPOINT WARNING * * *
You feel very sick. The hornet stings you.
* * * LOW HITPOINT WARNING * * *
You are lethally poisoned!
You feel as though you will be slow longer.
You puncture the hornet!
The hornet is severely wounded.
* * * LOW HITPOINT WARNING * * *
You feel extremely sick.
The hornet stings you but does no damage.
The hornet closely misses you.
It was a potion of lignification.
You turn into a tree.
Your +2 pair of gloves melds into your body.
Your +1 chain mail melds into your body.
Your roots penetrate the ground.
* * * LOW HITPOINT WARNING * * *
You feel very sick. The hornet stings you.
* * * LOW HITPOINT WARNING * * *
You feel as though you will be slow longer.
The hornet stings you but does no damage.
The hornet stings you.
* * * LOW HITPOINT WARNING * * *
Unknown command.
You feel yourself speed up.
You die...

#.≈.# ..≈.# #.≈.#
.§. #...#
.≈.#####.≈.#
.§§......≈.#
≈≈≈≈≈§≈≈≈.#
§......y.# #
###.#.#♣######
...##......).....#
..........######.#
..###...## #.
##.## #. . #)# #.
. #.# #. ##### .##
##'## #. ##...##
... ##...##
#.##.###.#


You could see a hornet.

Vanquished Creatures
  Grinder (D:5)
  A wraith (D:6)
  Eustachio (D:5)
  A water moccasin (D:6)
  2 black bears (D:6)
  An ice beast (D:5)
  A centaur (D:6)
  3 phantoms
  5 bullfrogs
  2 gnoll sergeants
  5 scorpions
  14 wights
  A howler monkey (D:6)
  A vampire bat (D:3)
  An orc priest (D:7)
  4 hounds
  2 jellies
  2 iguanas (D:5)
  A sleepcap (D:6)
  Jessica (D:3)
  6 orc wizards
  Robin (D:3)
  13 gnolls
  12 adders
  A shadow imp (D:5)
  4 ufetubi
  2 dart slugs
  3 fire bats (D:3)
  13 orcs
  2 spectral bats (D:3)
  8 ball pythons
  14 bats
  3 bat skeletons (D:3)
  A bat zombie (D:3)
  5 endoplasms
  A giant cockroach (D:2)
  14 goblins
  13 hobgoblins
  9 kobolds
  4 quokkas
  A bat simulacrum (D:3)
  A frilled lizard (D:3)
  4 rats
185 creatures vanquished.

Vanquished Creatures (others)
  A quokka (D:6)
1 creature vanquished.

Grand Total: 186 creatures vanquished

Notes
Turn   | Place    | Note
-------+----------+-------------------------------------------
     0 | D:1      | Fodor the Minotaur Fighter began the quest for the Orb.
     0 | D:1      | Reached XP level 1. HP: 19/19 MP: 0/0
   116 | D:1      | Reached XP level 2. HP: 27/27 MP: 1/1
   562 | D:1      | Found a faded altar of an unknown god.
   855 | D:2      | Reached XP level 3. HP: 33/33 MP: 2/2
  1550 | D:3      | Reached XP level 4. HP: 41/41 MP: 3/3
  1840 | D:3      | Noticed Jessica
  1849 | D:3      | Killed Jessica
  1850 | D:3      | Reached skill level 1 in Dodging
  1850 | D:3      | Reached XP level 5. HP: 19/47 MP: 4/4
  2178 | D:3      | Reached skill level 1 in Short Blades
  2209 | D:3      | Reached XP level 6. HP: 53/53 MP: 5/5
  2575 | D:3      | Noticed Robin
  2581 | D:3      | Killed Robin
  2590 | D:3      | Reached skill level 5 in Armour
  2913 | D:4      | Reached skill level 5 in Shields
  3361 | D:4      | Reached skill level 5 in Fighting
  3361 | D:4      | Reached XP level 7. HP: 32/61 MP: 6/6
  3744 | D:4      | Found a hide-covered altar of Uskayaw.
  3921 | D:4      | Found a sparkling altar of Nemelex Xobeh.
  3921 | D:4      | Found a basalt altar of Yredelemnul.
  4144 | D:4      | Found a bloodstained altar of Trog.
  4167 | D:5      | Entered Level 5 of the Dungeon
  4202 | D:5      | Noticed Grinder
  4214 | D:5      | Paralysed by Grinder for 4 turns
  4229 | D:5      | Paralysed by Grinder for 3 turns
  4233 | D:5      | Killed Grinder
  4578 | D:5      | Reached XP level 8. HP: 66/68 MP: 7/7
  4701 | D:5      | Noticed Eustachio
  4738 | D:5      | Killed Eustachio
  4837 | D:5      | Reached skill level 5 in Maces & Flails
  4934 | D:5      | Reached skill level 1 in Stealth
  5299 | D:6      | Found a staircase to the Ecumenical Temple.
  5332 | Temple   | Entered the Ecumenical Temple
  5517 | D:6      | Reached XP level 9. HP: 78/78 MP: 8/8
  5517 | D:6      | Found a shadowy altar of Dithmenos.
  6350 | D:6      | Found a white marble altar of Elyvilon.
  7239 | D:7      | Reached skill level 1 in Polearms
  7391 | D:7      | Paralysed by a hornet for 1 turns
  7395 | D:7      | HP: 5/108 [hornet (2)]
  7396 | D:7      | Succumbed to a hornet's poison

Illustrated notes

Levels and vault maps discovered:
D:1:      mushboom_english_gardens, layout_basic,
          hellmonk_ecumenical_altar_lost_god
D:2:      layout_rooms, serial_aquarium, aquarium_bridge_square
          [aquarium_subvault_wall, aquarium_subvault_window,
          aquarium_subvault_balcony, aquarium_subvault_bridge],
          aquarium_window_fake, aquarium_window_fake, aquarium_view_2g,
          aquarium_balcony_5b, aquarium_pool_five
D:3:      layout_basic, chequers_jeans, chequers_arboretum, goddamned_bats,
          uniq_robin, uniq_jessica
D:4:      layout_rooms, kennysheep_mini_moat, mainiacjoe_overflow_alcove_2,
          gammafunk_temple_overflow_elements, nrook_mini_backslash
D:5:      minmay_opposing_rooms, layout_basic, uniq_eustachio, uniq_grinder
D:6:      hangedman_cross_stitches, layout_basic, mainiacjoe_overflow_chevrons,
          elyvilon_altar_4, minmay_temple_entry_large_hall,
          hangedman_decor_riveting, grunt_decor_fettered,
          dreamdust_princess_bridge, hangedman_abyss_or_decor_stabs
D:7:      layout_loops_corners, mainiacjoe_overflow_brackets, serial_shops,
          nicolae_shop_rolled_up, uniq_menkaure
Temple:   minmay_temple_curvy_loop

Skill      XL: |  1  2  3  4  5  6  7  8  9 |
---------------+----------------------------+-----
Fighting       | 4 5 6 7 |  7.5
Armour         | 4 5 6 7 8 |  8.9
Shields        | 4 5 6 7 |  7.1
Long Blades    | 3 4 |  4.6
Dodging        | 1 2 3 4 |  4.4
Short Blades   | 1 2 |  2.9
Maces & Flails | 3 6 8 |  8.5
Stealth        | 1 |  1.4
Polearms       | 1 |  1.7
Throwing       | |  0.3

Action                     |  1- 3 |  4- 6 |  7- 9 || total
---------------------------+-------+-------+-------++-------
  Melee: Long sword        |    90 |    20 |       ||   110
         Headbutt          |    10 |    11 |    54 ||    75
         Dagger            |       |   123 |       ||   123
         Mace              |       |     3 |     1 ||     4
         Flail             |       |       |   236 ||   236
         Halberd           |       |       |    22 ||    22
         Dire flail        |       |       |    12 ||    12
  Throw: Dart              |     1 |       |     2 ||     3
    Use: Scroll            |     6 |     4 |     8 ||    18
         Potion            |       |     1 |     7 ||     8
 Armour: Scale mail        |    46 |   106 |    95 ||   247
         Chain mail        |       |       |    10 ||    10
         Skin              |       |       |     1 ||     1
  Dodge: Dodged            |    74 |   137 |   243 ||   454
  Block: Buckler           |    31 |    59 |    99 ||   189
